 Dungeon Crawl Stone Soup version 0.23-a0-537-g04293e5 (webtiles) character file.

6 Amnesiac the Sneak (level 1, -2/9 HPs)
             Began as a Spriggan Enchanter on Dec 7, 2018.
             Slain by Edmund
             ... wielding a +1 flail of protection
              (10 damage)
             ... on level 5 of the Dungeon.
             The game lasted 00:03:46 (457 turns).

Amnesiac the Sneak (Spriggan Enchanter)              Turns: 457, Time: 00:03:46

Health: -2/9       AC:  2    Str:  4    XL:     1   Next: 75%
Magic:  3/5        EV: 18    Int: 16    God:
Gold:   38         SH:  0    Dex: 16    Spells: 4/5 levels left

rFire    . . .     SeeInvis +   a - +1 dagger
rCold    . . .     Gourm    .   (shield restricted)
rNeg     . . .     Faith    .   b - +0 robe
rPois    .         Spirit   .   (helmet restricted)
rElec    .         Reflect  .   (no cloak)
rCorr    .         Harm     .   (gloves unavailable)
MR       .....                  (boots unavailable)
Stlth    +++.......             (no amulet)
HPRegen  0.03/turn              (no ring)
MPRegen  0.09/turn              (no ring)

@: very quick
A: very small, unfitting armour, see invisible, herbivore, speed 3, slow
metabolism 2
a: no special abilities


You were on level 5 of the Dungeon.
You were not hungry.

You visited 1 branch of the dungeon, and saw 5 of its levels.

You collected 38 gold pieces.

Inventory:

Hand Weapons
 a - a +1 dagger (weapon)
Armour
 b - a +0 robe (worn)
Potions
 c - a potion of curing {!q, unknown}
 e - 2 potions of agility {!q, unknown}
Comestibles
 d - 3 rations


   Skills:
 + Level 1.3 Short Blades
 + Level 3.1 Dodging
 + Level 4.5 Stealth
 + Level 2.8 Spellcasting
 + Level 3.7 Hexes


You had 4 spell levels left.
You knew the following spells:

 Your Spells              Type           Power        Failure   Level  Hunger
a - Corona                Hex            ##.....      4%          1    #......

Your spell library contained the following spells:

 Spells                   Type           Power        Failure   Level  Hunger
 Confuse                  Hex            ##......     12%         3    ###....
 Tukima's Dance           Hex            ##......     12%         3    ###....
 Ensorcelled Hibernation  Hex/Ice        #.....       13%         2    ##.....
 Dazzling Spray           Conj/Hex       #.....       26%         3    ###....


Dungeon Overview and Level Annotations

Branches:
Dungeon (5/15)
 Temple: D:4-7

Altars:
The Shining One

Annotations:
D:5 Edmund, Ijyb


Innate Abilities, Weirdness & Mutations

You are very small and have problems with some larger weapons.
You are too small for most types of armour.
You have supernaturally acute eyesight. (SInv)
You are a herbivore.
You cover ground extremely quickly.
You need to consume almost no food.


Message History

Press: ? - help, Shift-Dir - straight line, f - ball python zombie
Aim: a ball python zombie (moderately damaged, chance to defeat MR: 67%)
The ball python zombie is outlined in light.
The ball python zombie completely misses you. x2
You barely miss the ball python zombie.
The ball python zombie is moderately damaged.
The ball python zombie closely misses you.
The ball python zombie barely misses you.
You barely miss the ball python zombie.
The ball python zombie is moderately damaged.
The ball python zombie bites you but does no damage.
The ball python zombie closely misses you.
You hit the ball python zombie.
The ball python zombie is severely damaged.
The ball python zombie bites you but does no damage.
The ball python zombie barely misses you.
You hit the ball python zombie but do no damage.
The ball python zombie is severely damaged.
The ball python zombie bites you but does no damage.
The ball python zombie barely misses you.
You barely miss the ball python zombie.
The ball python zombie is severely damaged.
The ball python zombie bites you but does no damage.
The ball python zombie grabs you. The ball python zombie constricts you.
You barely miss the ball python zombie.
The ball python zombie is severely damaged.
The ball python zombie barely misses you.
The ball python zombie constricts you.
You hit the ball python zombie.
You destroy the ball python zombie!
You start resting.
Magic restored.
Found a trident.
A hound comes into view.
A hound is nearby!
The hound barks!
The hound barely misses you.
You barely miss the hound. The hound closely misses you.
The hound bites you but does no damage. The hound barely misses you.
Edmund the Younger comes into view.
He is wielding a +1 flail of protection.
Edmund shouts!
Edmund drinks a potion.
Edmund seems to speed up.
Really read
f - a scroll labeled BUCAIC TILAZO {!r}?
As you read the scroll labeled BUCAIC TILAZO {!r}, it crumbles to dust.
You feel blessed for a moment.
It was a scroll of remove curse {!r}.
Edmund barely misses you.
Casting: Corona (safe; 4% risk of failure)
Confirm with . or Enter, or press ? or * to list all spells.
Aiming: Corona (safe; 4% risk of failure)
Press: ? - help, Shift-Dir - straight line, f - hound
Aim: a hound (chance to defeat MR: 60%)
The hound struggles to resist.
Edmund misses you. The hound closely misses you.
The hound completely misses you.
Unknown command.
Casting: Corona (safe; 4% risk of failure)
Confirm with . or Enter, or press ? or * to list all spells.
Aiming: Corona (safe; 4% risk of failure)
Press: ? - help, Shift-Dir - straight line, f/p - hound
Aim: a hound (chance to defeat MR: 60%)
The hound struggles to resist.
Edmund hits you with a +1 flail of protection!
Ouch! That really hurt!
You die...

#.# #.# #.# #.#
#.# ####### #.#
#.....#
#@#######.###.#
#@h.......# #.#
#########.###.#
#.....# ###.###
#.# #.# #.#
#.##### #.....#


You could see Edmund and a hound.

Vanquished Creatures
  A leopard gecko (D:4)
  A giant cockroach (D:4)
  A ball python zombie (D:5)
  2 frilled lizards
  A quokka skeleton (D:5)
6 creatures vanquished.

Notes
Turn   | Place    | Note
-------+----------+-------------------------------------------
     0 | D:1      | Amnesiac the Spriggan Enchanter began the quest for the
                  | Orb.
     0 | D:1      | Reached XP level 1. HP: 9/9 MP: 5/5
   193 | D:4      | Found a glowing golden altar of the Shining One.
   319 | D:4      | Noticed a crimson imp
   339 | D:4      | Noticed a worker ant
   357 | D:5      | Entered Level 5 of the Dungeon
   377 | D:5      | Noticed Ijyb
   425 | D:5      | Noticed a hound
   453 | D:5      | Noticed Edmund
   457 | D:5      | Slain by Edmund

Vault maps used:
D:1:      minmay_arrival_three_doors, glass_columns_c, dk_noncrumbling_4,
          minmay_misc_feat_pillars
D:2:      minmay_spotlight, uniq_jessica
D:3:      kennysheep_slug_shrine
D:4:      kennysheep_little_box, serial_shops, shop
D:5:      temple_statues, first_ration, uniq_ijyb, uniq_edmund

Action                   || total
-------------------------++-------
Melee: Dagger            ||    19
 Cast: Corona            ||     6
  Use: Scroll            ||     1
 Stab: Sleeping          ||     4
Armor: Robe              ||     5
Dodge: Dodged            ||    27

Table legend:
 A = Non-vault XP
 B = Vault XP
 C = Vault XP percentage of total XP
 D = Non-vault monster count
 E = Vault monster count
 F = Vault count percentage of total count
                 A         B        C        D         E       F
            +---------+---------+-------+---------+---------+-------
      Total |       9 |       0 |   0.0 |       6 |       0 |   0.0
            +---------+---------+-------+---------+---------+-------
        D:1 |       1 |       0 |   0.0 |       1 |       0 |   0.0
        D:4 |       6 |       0 |   0.0 |       3 |       0 |   0.0
        D:5 |       2 |       0 |   0.0 |       2 |       0 |   0.0
            +---------+---------+-------+---------+---------+-------
